 Dungeon Crawl Stone Soup version 0.31-a0-236-g9a0961fb85 (webtiles) character file.

Game seed: 2912970571508317227

689 qw the Shooter (level 7, -12/44 HPs)
             Began as a Gargoyle Hexslinger on July 10, 2023.
             Was an Initiate of Okawaru.
             Mangled by an ogre
             ... wielding a +0 giant club
              (16 damage)
             ... on level 5 of the Dungeon.
             The game lasted 00:02:01 (4579 turns).

qw the Shooter (Gargoyle Hexslinger)                Turns: 4579, Time: 00:02:01

Health: -12/44     AC: 11    Str: 11    XL:     7   Next: 63%
Magic:  8/8        EV: 12    Int: 14    God:    Okawaru [......]
Gold:   269        SH:  0    Dex: 14    Spells: 7/8 levels left

rFire   . . .        Y - +3 sling
rCold   + . .        (no shield)
rNeg    + . .        l - +5 robe of the Cricket {rCorr}
rPois   inf          (no helmet)
rElec   +            (no cloak)
rCorr   +            (no gloves)
SInv    .            (no boots)
Will    .....        (no amulet)
Stlth   +            i - ring of protection from cold
HPRegen 0.27/turn    (no ring)
MPRegen 0.11/turn

%: no passive effects
@: no status effects
A: sickness immunity, AC +4, negative energy resistance 1, electricity
resistance, torment resistance 1, petrification resistance, hooves 1, MP-powered
wands, sturdy frame 1
a: Renounce Religion


You were on level 5 of the Dungeon.
You worshipped Okawaru.
Okawaru was noncommittal.
You visited 2 branches of the dungeon, and saw 6 of its levels.

You collected 269 gold pieces.


Innate Abilities, Weirdness & Mutations

You are immune to sickness and miasma.
Your stone body is resilient. (AC +4)
You are immune to poison.
You resist negative energy. (rN+)
You are resistant to electric shocks. (rElec)
You are resistant to unholy torment.
You are immune to petrification.
You have large cloven feet.
You expend magic power (3 MP) to strengthen your wands.
Your movements are slightly less encumbered by armour. (ER -2)


   Skills:
 - Level 4.3 Fighting
 + Level 7.3 Ranged Weapons
 - Level 0.1 Armour
 - Level 1.5 Dodging
 - Level 1.0 Spellcasting
 - Level 2.6 Hexes


You had 7 spell levels left.
You knew the following spells:

 Your Spells              Type           Power      Damage    Failure   Level
a - Slow                  Hex            32%        N/A       9%          1

Your spell library contained the following spells:

 Spells                   Type           Power      Damage    Failure   Level
 Inner Flame              Hex/Fire       4%         N/A       41%         3
 Portal Projectile        Hex/Tloc       8%         N/A       41%         3
 Cause Fear               Hex            4%         N/A       65%         4

Inventory:

Hand Weapons
 Y - a +3 sling (weapon)
Armour
 l - the +5 robe of the Cricket (worn) {rCorr}
   (You took it off a kobold on level 3 of the Dungeon)

   rCorr:     It protects you from acid and corrosion.
Jewellery
 i - a ring of protection from cold (left hand)
Scrolls
 g - a scroll of identify
Potions
 c - a potion of haste {unknown}
 e - a potion of enlightenment
 j - a potion of lignification {unknown}
 k - a potion of mutation

Dungeon Overview and Level Annotations

Branches:
Dungeon (5/15)             Temple (1/1) D:4

Altars:
Ashenzari
Cheibriados
Dithmenos
Fedhas
Hepliaklqana
Makhleb
Nemelex Xobeh
Okawaru
Qazlal
Ru
Sif Muna
Trog
Uskayaw
Vehumet
Wu Jian
Yredelemnul
Zin


Message History

The orc wizard is heavily wounded.
The orc wizard hits you but does no damage.
You shoot a sling bullet.
The sling bullet closely misses the orc wizard.
The orc wizard hits you but does no damage.
You shoot a sling bullet.
The sling bullet completely misses the orc wizard.
The orc wizard hits you but does no damage.
You shoot a sling bullet. The sling bullet hits the orc wizard!
You kill the orc wizard!
Okawaru accepts your kill.
An ogre comes into view. It is wielding a +0 giant club.
The ogre shouts!
Enter note:
Enter note:
Enter note:
Enter note:
Enter note:
Enter note: You shoot a sling bullet.
The sling bullet barely misses the ogre.
You shoot a sling bullet. The sling bullet hits the ogre.
The ogre is lightly wounded.
The ogre hits you with a +0 giant club!
You shoot a sling bullet. The sling bullet hits the ogre!
The ogre is heavily wounded.
The ogre hits you with a +0 giant club.
You shoot a sling bullet. The sling bullet hits the ogre.
The ogre is heavily wounded.
The ogre hits you with a +0 giant club!!
Ouch! That really hurt!
You shoot a sling bullet. The sling bullet hits the ogre.
The ogre is severely wounded.
You shoot a sling bullet. The sling bullet hits the ogre.
The ogre is almost dead.
The ogre misses you.
You shoot a sling bullet.
The sling bullet barely misses the ogre.
The ogre hits you with a +0 giant club!
You die...

..........# #....'.##.##.# #.
#.........#.....#....#.##....# #.
#.........#.....#....#.....#####.
#.........#.....#....###.........
#.........#.....#................
#.........#.....#..........######
#.........#.....#........#.#
#.........#.....O....#####.##
###########.....@...## #..## #
#.........# ##..# # #.........#
##.#### #..$......# ###.#...
#.........# #...>.## #.[.......#
#.##### #.........# #.
#.........# # #..s......#


You could see an ogre.

Vanquished Creatures
  Sigmund (D:4)
  A scorpion (D:5)
  2 hounds (D:5)
  An orc priest (D:3)
  2 iguanas
  A sleepcap (D:5)
  3 orc wizards
  Ijyb (D:4)
  6 gnolls (D:4)
  3 adders
  An ufetubus (D:3)
  A worm (D:3)
  3 dart slugs
  17 orcs
  2 bats
  3 endoplasms
  4 giant cockroaches
  6 goblins
  2 hobgoblins
  5 jackals (D:1)
  4 quokkas
  8 ball pythons
  2 frilled lizards (D:1)
  10 kobolds
  6 rats
95 creatures vanquished.

Notes
Turn   | Place    | Note
-------+----------+-------------------------------------------
     0 | D:1      | qw the Gargoyle Hexslinger began the quest for the Orb.
     0 | D:1      | Reached XP level 1. HP: 12/12 MP: 2/2
     0 | D:1      | 0 ||| qw: Version: 0.3-a-52-g30416fa
     0 | D:1      | 0 ||| qw: Game counter: 4718
     0 | D:1      | 0 ||| qw: Melee chars always use a shield: true
     0 | D:1      | 0 ||| qw: God list: Okawaru
     0 | D:1      | 0 ||| qw: Allow faded altars: false
     0 | D:1      | 0 ||| qw: Do Orc after clearing Dungeon:15 true
     0 | D:1      | 0 ||| qw: Do second Lair branch before Depths: true
     0 | D:1      | 0 ||| qw: Lair rune preference: random
     0 | D:1      | 0 ||| qw: Goals: Normal
     0 | D:1      | 0 ||| PLANNING D:1-11
   168 | D:1      | Reached XP level 2. HP: 15/16 MP: 3/3
   233 | D:1      | Reached skill level 3 in Ranged Weapons
   651 | D:1      | 651 ||| READING scroll labelled SIHUHA ROS SOIR.
   654 | D:1      | 654 ||| READING scroll labelled IDOGO MEDDI.
   655 | D:1      | 655 ||| DROPPING scroll of poison.
   733 | D:2      | Reached XP level 3. HP: 21/21 MP: 4/4
  1525 | D:2      | 1525 ||| UPGRADING to +0 ring mail.
  1535 | D:2      | 1535 ||| DROPPING +0 robe.
  1536 | D:2      | 1536 ||| UPGRADING to ring of protection from cold.
  1537 | D:2      | 1537 ||| READING scroll labelled FOPUJAN UFAOXKIHO.
  1538 | D:2      | 1538 ||| READING 3 scrolls labelled PUDELLELLU.
  1539 | D:2      | 1539 ||| READING 2 scrolls of identify.
  1539 | D:2      | 1539 ||| IDENTIFYING glowing dark potion
  1540 | D:2      | 1540 ||| DROPPING potion of invisibility.
  1602 | D:3      | Reached XP level 4. HP: 26/26 MP: 5/5
  1619 | D:3      | Found a shadowy altar of Dithmenos.
  1636 | D:3      | 1636 ||| READING scroll of enchant weapon.
  1636 | D:3      | 1636 ||| ENCHANTING +2 sling.
  1700 | D:3      | Reached skill level 4 in Ranged Weapons
  1728 | D:3      | 1728 ||| FLEEEEING.
  1729 | D:3      | 1729 ||| FLEEEEING.
  1736 | D:3      | 1736 ||| STAIRDANCE
  1749 | D:2      | 1749 ||| UPGRADING to +2 leather armour of positive energy.
  1759 | D:2      | 1759 ||| DROPPING +0 ring mail.
  1760 | D:2      | 1760 ||| READING scroll labelled RONNAG YMUTO.
  1761 | D:2      | 1761 ||| READING 2 scrolls of identify.
  1761 | D:2      | 1761 ||| IDENTIFYING grey potion
  2145 | D:3      | Identified the +5 robe of the Cricket {rCorr}
  2146 | D:3      | Reached XP level 5. HP: 29/30 MP: 6/6
  2252 | D:3      | 2252 ||| UPGRADING to +5 robe of the Cricket {rCorr}.
  2262 | D:3      | 2262 ||| DROPPING +2 leather armour of positive energy.
  2263 | D:3      | 2263 ||| READING scroll labelled VUORAP KEIMEUL.
  2285 | D:3      | 2285 ||| READING scroll labelled DIGHEY FOEXITO.
  2286 | D:3      | 2286 ||| DRINKING 2 lumpy inky potions.
  2286 | D:3      | Gained mutation: You have large cloven feet. [potion of
                  | mutation]
  2286 | D:3      | Gained mutation: You expend magic power (3 MP) to
                  | strengthen your wands. [potion of mutation]
  2286 | D:3      | Gained mutation: Your movements are slightly less
                  | encumbered by armour. (ER -2) [potion of mutation]
  2287 | D:3      | 2287 ||| READING 3 scrolls of identify.
  2287 | D:3      | 2287 ||| IDENTIFYING yellow potion
  2288 | D:3      | 2288 ||| READING 2 scrolls of identify.
  2288 | D:3      | 2288 ||| IDENTIFYING fizzy coppery potion
  2289 | D:3      | 2289 ||| DROPPING potion of brilliance.
  2302 | D:4      | You fall into a shaft and drop 1 floor!
  2302 | D:5      | Entered Level 5 of the Dungeon
  2367 | D:5      | Reached skill level 5 in Ranged Weapons
  2606 | D:5      | Found a bloodstained altar of Trog.
  2634 | D:5      | 2634 ||| READING scroll labelled COIGASERREM.
  2773 | D:4      | Reached skill level 3 in Fighting
  2822 | D:4      | Noticed Ijyb
  2831 | D:4      | Reached XP level 6. HP: 18/37 MP: 7/7
  2836 | D:4      | HP: 7/37 [Ijyb/puff of flame (7)]
  2837 | D:4      | 2837 ||| READING 3 scrolls of teleportation.
  2966 | D:4      | Killed Ijyb
  3095 | D:4      | 3095 ||| FLEEEEING.
  3096 | D:4      | 3096 ||| FLEEEEING.
  3097 | D:4      | 3097 ||| FLEEEEING.
  3098 | D:4      | 3098 ||| FLEEEEING.
  3099 | D:4      | 3099 ||| FLEEEEING.
  3100 | D:4      | 3100 ||| FLEEEEING.
  3101 | D:4      | 3101 ||| DRINKING 2 potions of curing.
  3101 | D:4      | 3101 ||| (to cure confusion)
  3222 | D:4      | Noticed Sigmund
  3231 | D:4      | 3231 ||| DRINKING potion of curing.
  3231 | D:4      | 3231 ||| (to cure confusion)
  3233 | D:4      | Killed Sigmund
  3234 | D:4      | Reached skill level 6 in Ranged Weapons
  3234 | D:4      | Reached XP level 7. HP: 41/41 MP: 8/8
  3247 | D:4      | Found a blossoming altar of Fedhas.
  3522 | D:4      | Found a staircase to the Ecumenical Temple.
  3523 | D:4      | 3523 ||| PLANNING TEMPLE
  3523 | D:4      | 3523 ||| UPGRADING to amulet of guardian spirit.
  3528 | D:4      | 3528 ||| DRINKING 2 sedimented brown potions.
  3535 | D:4      | 3535 ||| DROPPING potion of ambrosia.
  3545 | Temple   | Entered the Ecumenical Temple
  3568 | Temple   | 3568 ||| PLANNING OKAWARU WORSHIP
  3652 | Temple   | Became a worshipper of Warmaster Okawaru
  3653 | Temple   | 3653 ||| PLANNING D:1-11
  3653 | Temple   | 3653 ||| REMOVING amulet of guardian spirit.
  3658 | Temple   | 3658 ||| DROPPING amulet of guardian spirit.
  4305 | D:5      | Reached skill level 7 in Ranged Weapons
  4327 | D:5      | HP: 10/44 [something (3)]
  4328 | D:5      | 4328 ||| READING 2 scrolls of teleportation.
  4333 | D:5      | 4333 ||| READING scroll of teleportation.
  4576 | D:5      | HP: 3/44 [ogre/+0 giant club (22)]
  4579 | D:5      | Mangled by an ogre

Levels and vault maps discovered:
D:1:      tekkud_arrival_beachfront_property, layout_basic,
          chequers_mini_garden, feat_on_display
D:2:      layout_basic
D:3:      layout_rooms, nicolae_dithmenos_shadow_blocks, minmay_box_of_dots
D:4:      layout_loops_corners, mainiacjoe_overflow_boulevard, temple_hall,
          uniq_sigmund, uniq_ijyb
D:5:      layout_basic, bloody_trog
Temple:   jpeg_temple_clearing

Skill      XL: |  1  2  3  4  5  6  7 |
---------------+----------------------+-----
Ranged Weapons | 3 4 5 6 7 |  7.3
Fighting       | 2 3 4 |  4.3
Armour         | |  0.1
Dodging        | |  1.5
Spellcasting   | |  1.0
Hexes          | |  2.6

Action                     |  1- 3 |  4- 6 |  7- 9 || total
---------------------------+-------+-------+-------++-------
   Fire: Sling             |   105 |   189 |   121 ||   415
    Use: Scroll            |     5 |     9 |     2 ||    16
         Potion            |       |     3 |     1 ||     4
 Armour: Robe              |    16 |    27 |    65 ||   108
         Ring mail         |     7 |     8 |       ||    15
         Leather armour    |       |     3 |       ||     3
  Dodge: Dodged            |    39 |    56 |    69 ||   164

Table legend:
 A = Non-vault XP
 B = Vault XP
 C = Vault XP percentage of total XP
 D = Non-vault monster count
 E = Vault monster count
 F = Vault count percentage of total count
                 A         B        C        D         E       F
            +---------+---------+-------+---------+---------+-------
      Total |     715 |     270 |  27.4 |      91 |       4 |   4.2
            +---------+---------+-------+---------+---------+-------
        D:1 |      32 |       0 |   0.0 |      18 |       0 |   0.0
        D:2 |      30 |       0 |   0.0 |      12 |       0 |   0.0
        D:3 |     111 |       4 |   3.5 |      27 |       2 |   6.9
        D:4 |     217 |     266 |  55.1 |      21 |       2 |   8.7
        D:5 |     325 |       0 |   0.0 |      13 |       0 |   0.0
            +---------+---------+-------+---------+---------+-------
